 Dungeon Crawl Stone Soup version 0.21.1-1-g345015fe64 (webtiles) character file.

648 Lentor the Slasher (level 7, -7/61 HPs)
             Began as a Minotaur Berserker on June 21, 2018.
             Was a Priest of Trog.
             Mangled by Duvessa
             ... wielding a +0 short sword
              (9 damage)
             ... on level 4 of the Dungeon.
             The game lasted 00:03:46 (2517 turns).

Lentor the Slasher (Minotaur Berserker)             Turns: 2517, Time: 00:03:46

Health: -7/61      AC: 10    Str: 23    XL:     7   Next: 27%
Magic:  6/6        EV: 12    Int:  4    God:    Trog [***...]
Gold:   132        SH:  0    Dex: 10    Spells: 6/6 levels left

rFire    . . .     SeeInvis .   a - +0 falchion
rCold    . . .     Gourm    .   (no shield)
rNeg     . . .     Faith    .   p - +3 ring mail
rPois    .         Spirit   .   (helmet restricted)
rElec    .         Reflect  .   (no cloak)
rCorr    .         Harm     .   d - +0 pair of gloves
MR       .....                  (no boots)
Stlth    +.........             (no amulet)
HPRegen  0.20/turn              (no ring)
MPRegen  0.10/turn              (no ring)

@: no status effects
A: retaliatory headbutt, horns 2
a: Berserk, Trog's Hand, Burn Spellbooks, Renounce Religion


You were on level 4 of the Dungeon.
You worshipped Trog.
Trog was most pleased with you.
You were not hungry.

You visited 1 branch of the dungeon, and saw 4 of its levels.

You collected 132 gold pieces.

Inventory:

Hand Weapons
 a - a +0 falchion (weapon)
Armour
 d - a +0 pair of gloves (worn)
 p - a +3 ring mail (worn)
Jewellery
 b - an uncursed ring of protection from cold {unknown}
Scrolls
 e - 3 scrolls of remove curse {unknown}
 g - a scroll of teleportation {unknown}
 i - a scroll of magic mapping {unknown}
 l - a scroll of fog {unknown}
 m - a scroll of noise {unknown}
 n - 2 scrolls of identify {unknown}
 o - a scroll of immolation {unknown}
Potions
 h - a potion of heal wounds {unknown}
 j - a potion of lignification {unknown}
 k - a potion of agility {unknown}
Comestibles
 c - 11 rations


   Skills:
 + Level 5.6 Fighting
 + Level 7.5 Long Blades
 + Level 4.6 Armour
 + Level 3.2 Dodging
 + Level 1.1 Stealth


You had 6 spell levels left.
You didn't know any spells.

Dungeon Overview and Level Annotations

Branches:
Dungeon (4/15)
 Temple: D:4-7

Altars:

Annotations:
D:4 Duvessa


Innate Abilities, Weirdness & Mutations

You reflexively headbutt those who attack you in melee.
You have a pair of horns on your head.


Message History

You hit Duvessa. You headbutt Duvessa.
Duvessa is severely wounded.
Duvessa hits you but does no damage.
You hit Duvessa but do no damage.
Duvessa is severely wounded.
Duvessa barely misses you. Duvessa hits you with a short sword!
* * * LOW HITPOINT WARNING * * *
You completely miss Duvessa.
Duvessa is severely wounded.
Duvessa hits you with a short sword!
* * * LOW HITPOINT WARNING * * *
You hit Duvessa but do no damage.
Duvessa is severely wounded.
You recover from your berserk rage.
Duvessa hits you with a short sword.
* * * LOW HITPOINT WARNING * * *
You hit Duvessa but do no damage.
Duvessa is severely wounded.
Duvessa hits you with a short sword!
You die...

#.#....#
#..#.#.##.
#.........
.######..#.#.###
.............#
..###...<....#
#.>).....#
.%.###...........
.......@.....####
#..###.e.....# #
#.......#
#.......#
#..#.##.# #..#.#
.# .#.... .
#..#.##


You could see Duvessa (berserk).

Vanquished Creatures
  Sigmund (D:2)
  An ice beast (D:2)
  A sky beast (D:3)
  Dowan (D:4)
  An orc priest (D:3)
  2 orc wizards (D:3)
  A bullfrog skeleton (D:4)
  A worker ant (D:4)
  4 adders
  An ooze (D:3)
  A worm (D:3)
  2 dart slugs (D:1)
  3 leopard geckos
  10 orcs (D:3)
  8 bats
  A giant cockroach (D:2)
  6 goblins
  6 hobgoblins
  2 jackals (D:1)
  3 quokkas
  2 frilled lizards (D:3)
  7 kobolds
  8 rats
73 creatures vanquished.

Vanquished Creatures (others)
  A rat (D:2)
1 creature vanquished.

Grand Total: 74 creatures vanquished

Notes
Turn   | Place    | Note
-------+----------+-------------------------------------------
     0 | D:1      | Lentor the Minotaur Berserker began the quest for the Orb.
     0 | D:1      | Reached XP level 1. HP: 19/19 MP: 0/0
   441 | D:1      | Reached skill level 4 in Long Blades
   448 | D:1      | Reached XP level 2. HP: 22/27 MP: 1/1
   615 | D:1      | Reached ** piety under Trog
   820 | D:2      | Noticed Sigmund
   829 | D:2      | Killed Sigmund
   829 | D:2      | Reached skill level 5 in Long Blades
   829 | D:2      | Reached XP level 3. HP: 35/35 MP: 2/2
   829 | D:2      | Reached XP level 4. HP: 41/41 MP: 3/3
   829 | D:2      | Reached XP level 5. HP: 47/47 MP: 4/4
   997 | D:2      | Reached skill level 5 in Fighting
  1098 | D:2      | Noticed an ice beast
  1106 | D:2      | Killed an ice beast
  1106 | D:2      | Reached skill level 6 in Long Blades
  1106 | D:2      | Reached XP level 6. HP: 56/56 MP: 5/5
  1714 | D:3      | Reached skill level 1 in Stealth
  1715 | D:3      | Reached *** piety under Trog
  1866 | D:3      | Noticed a sky beast
  1872 | D:3      | Killed a sky beast
  1872 | D:3      | Reached skill level 7 in Long Blades
  1872 | D:3      | Reached XP level 7. HP: 44/61 MP: 6/6
  2465 | D:4      | Noticed Dowan
  2476 | D:4      | Killed Dowan
  2500 | D:4      | Noticed Duvessa
  2515 | D:4      | HP: 3/61 [Duvessa/short sword (12)]
  2517 | D:4      | Mangled by Duvessa

Skill      XL: |  1  2  3  4  5  6 |
---------------+-------------------+-----
Long Blades    | 4 5 6 7 |  7.5
Fighting       | 4 5 |  5.6
Armour         | 3 4 |  4.6
Dodging        | 3 |  3.2
Stealth        | 1 |  1.1

Action                   |  1- 3 |  4- 6 |  7- 9 || total
-------------------------+-------+-------+-------++-------
Melee: Falchion          |    45 |    86 |    43 ||   174
       Headbutt          |     5 |    22 |    13 ||    40
Invok: Berserk           |     1 |     1 |     1 ||     3
  Eat: Chunk             |       |     4 |     4 ||     8
Armor: Scale mail        |    14 |       |       ||    14
       Animal skin       |     3 |       |       ||     3
       Chain mail        |    13 |    39 |     2 ||    54
       Ring mail         |       |       |    12 ||    12
Dodge: Dodged            |    26 |    49 |    25 ||   100
       Rpst.: Falchion   |     7 |    13 |     9 ||    29
